Map: Cactus Valley LE (Void)

Players

Javert - Winner!

  • Race: Zerg Zerg
  • League: Grandmaster

IamZX

  • Race: Zerg Zerg
  • League: Grandmaster

VOD

Have the link to the VOD?

Description

Time

  • Played on: June 22, 2015, 11:06 p.m.
  • Length: 9:53
Show
View Real Time Build Order
Export as new Build Order

Javert Zerg - Winner!

Build Orders: Hatch First 

Get SALT Encoding   

  12  0:01  Drone  
  13  0:14  Overlord  
  13  0:24  Drone  
  14  0:32  Drone x2  
  16  0:51  Hatchery  
  16  0:55  Drone  
  16  0:57  Extractor  
  16  1:00  Drone  
  16  1:03  Drone  
  17  1:19  Spawning Pool  
  17  1:22  Drone  
  17  1:27  Drone  
  18  1:33  Overlord  
  18  1:42  Drone  
  19  1:52  Drone  
  20  2:05  Metabolic Boost  
  20  2:06  Queen  
  22  2:08  Queen  
  22  2:14  Zergling x2  
  25  2:16  Zergling x2  
  26  2:23  Zergling x4  
  26  2:29  Drone x2  
  30  2:51  Drone x4  
  32  3:14  Zergling x6  
  32  3:15  Zergling x2  
  36  3:32  Overlord  
  35  3:48  Drone x2  
  36  3:57  Baneling Nest  
  36  4:00  Drone x4  
  36  4:01  Drone x5  
  44  4:15  Overlord x2  
  44  4:27  Roach Warren  
  44  4:29  Overlord  
  44  4:30  Evolution Chamber  
  44  4:31  Evolution Chamber  
  41  4:37  Zergling x6  
  41  4:38  Zergling x4  
  46  4:46  Baneling x3  
  46  4:47  Baneling  
  45  5:13  Extractor  
  44  5:14  Extractor  
  44  5:17  Drone x2  
  44  5:18  Drone x9  
  54  5:21  Hatchery  
  49  5:32  Roach x2  
  52  5:44  Roach  
  52  5:45  Roach  
  52  5:49  Queen  
  55  5:52  Lair  
  55  5:54  Zerg Missile Weapons Level 1  
  55  5:57  Roach x2  
  61  6:06  Roach x2  
  65  6:22  Roach  
  66  6:36  Spore Crawler  
  66  6:37  Spore Crawler  
  66  6:38  Spore Crawler x2  
  66  6:39  Spore Crawler x2  
  60  6:40  Roach  
  60  6:41  Roach x6  
  74  6:49  Extractor  
  73  6:56  Overlord  
  73  6:57  Overlord  
  73  7:11  Overlord  
  73  7:18  Roach x8  
  73  7:21  Glial Reconstitution  
  89  7:25  Overlord x2  
  89  7:27  Drone  
  89  7:29  Overlord  
  90  7:36  Overlord  
  90  7:42  Roach x3  
  90  7:43  Roach  
  98  7:44  Overlord x2  
  98  7:55  Burrow  
  98  7:58  Roach x2  
  102  8:00  Drone x5  
  102  8:04  Spore Crawler  
  106  8:10  Overlord x2  
  106  8:28  Roach x11  
  124  8:44  Roach x2  
  124  8:45  Roach x4  
  121  8:57  Roach x5  
  123  9:04  Roach x3  
  121  9:14  Overlord  
  121  9:18  Drone x5  
  121  9:23  Overlord  
Show
View Real Time Build Order
Export as new Build Order

IamZX Zerg 

Build Orders: Hatch First 

Get SALT Encoding   

  12  0:01  Drone  
  13  0:08  Drone  
  14  0:39  Hatchery  
  14  0:42  Overlord  
  13  0:46  Drone  
  14  1:02  Drone x2  
  16  1:11  Spawning Pool  
  16  1:14  Drone  
  16  1:18  Extractor  
  16  1:20  Drone  
  16  1:26  Drone  
  17  1:36  Drone  
  18  1:50  Drone, Extractor  
  18  1:54  Drone  
  18  1:58  Queen  
  21  2:01  Queen  
  21  2:06  Drone  
  21  2:08  Drone  
  25  2:18  Drone x2  
  25  2:21  Drone  
  28  2:27  Overlord  
  28  2:38  Overlord  
  28  2:45  Spine Crawler  
  28  2:48  Zergling x4  
  28  2:49  Zergling x2  
  30  2:57  Zergling x2  
  30  2:58  Zergling x2  
  32  3:19  Drone x3  
  36  3:20  Drone x4  
  36  3:25  Overlord  
  39  3:36  Overlord  
  39  3:41  Metabolic Boost  
  39  3:52  Drone x5  
  44  4:02  Drone  
  45  4:03  Zergling x8  
  45  4:09  Lair  
  49  4:19  Zergling x6  
  51  4:24  Overlord x2  
  51  4:37  Overlord x2  
  53  4:45  Zergling x4  
  53  4:46  Zergling x10  
  53  4:47  Zergling x2  
  48  5:13  Roach Warren, Drone x2  
  48  5:14  Drone x4  
  53  5:26  Queen  
  53  5:35  Drone x6  
  57  5:52  Roach  
  57  5:53  Roach x3  
  57  5:54  Roach  
  67  6:01  Queen  
  69  6:15  Hatchery  
  68  6:22  Spire  
  65  6:35  Drone x3  
  65  6:36  Drone  
  65  6:38  Extractor  
  65  6:39  Extractor  
  67  6:44  Hydralisk Den  
  66  6:48  Infestation Pit  
  65  6:57  Roach  
  65  6:58  Roach x10  
  79  7:13  Roach  
  79  7:14  Overlord x2, Roach  
  83  7:27  Hive  
  83  7:28  Muscular Augments  
  83  7:29  Glial Reconstitution  
  83  7:34  Drone  
  83  7:36  Queen  
  86  7:44  Hydralisk  
  86  7:45  Hydralisk x6  
  86  7:47  Hydralisk  
  102  7:53  Overseer  
  102  8:02  Drone  
  102  8:03  Drone x2  
  105  8:05  Overlord  
  105  8:06  Overlord x2  
  99  8:27  Hydralisk  
  99  8:28  Hydralisk x4  
  108  8:41  Evolution Chamber  
  108  8:42  Evolution Chamber  
  80  9:02  Hydralisk  
  64  9:03  Hydralisk x5  
  61  9:19  Roach  
  61  9:20  Roach  
Tags
 
Add a new tag
Caveats
  • Supply blocks, unpowered buildings, or Contaminate may cause inaccurate times.
  • Supply counts are checked every 10 seconds.